[Event "ESNH-ch 2021"]
[Site "Tornelo"]
[Date "2021.04.17"]
[Round "4.5"]
[White "Righi, Ezio"]
[Black "Carpenter, Paul A"]
[Result "1-0"]
[ECO "B17"]
[WhiteElo "1915"]
[BlackElo "1982"]
[Annotator "RC"]
[PlyCount "119"]
[EventDate "2021.04.17"]
[EventType "tourn"]
[EventCountry "NET"]
[SourceTitle "playchess.com"]
[Source "ChessBase"]
[SourceQuality "1"]
[TimeControl "7200+30"]

1. e4 c6 2. d4 d5 3. Nc3 dxe4 4. Nxe4 Nd7 5. Nf3 Ngf6 6. Nxf6+ Nxf6 7. Bc4 Bf5 8. c3 e6 9. O-O Bd6 10. a4 Qc7 11. Re1 Bg4 12. h3 Bh5 13. Qd3 O-O-O 14. b4 h6 15. Bd2 g5 16. g4 Nxg4 17. hxg4 Bxg4 18. Kg2 Rdg8 19. Ne5 Bf5 20. Qe2 h5 21. Bd3 h4 22. Bxf5 exf5 23. Qf3 h3+ 24. Kh1 f4 25. Qg4+ Kb8 26. Nd7+ Ka8 27. Nf6 Qc8 28. Qxc8+ Rxc8 29. Rg1 Be7 30. Nd7 h2 31. Rge1 Bd6 32. f3 Rh3 33. Rf1 b6 34. Rae1 Kb7 35. Re2 Rch8 36. Nf6 Kc7 37. Rg2 Rg3 38. Ne4 Rxg2 39. Kxg2 f5 40. Nxd6 Kxd6 41. Rh1 Kd5 42. Rxh2 Rxh2+ 43. Kxh2 a6 44. Kg2 c5 45. dxc5 bxc5 46. Kf2 c4 47. Kg2 Ke5 48. Kh3 Kd5 49. Bxf4 gxf4 50. Kh4 Kd6 51. Kg5 Ke5 52. Kg6 Ke6 53. b5 axb5 54. axb5 Kd5 55. Kxf5 Kc5 56. Kxf4 Kxb5 57. Ke4 Ka4 58. f4 Kb3 59. Kd4 Kc2 60. f5 1-0

[Event "ESNH-ch 2021"]
[Site "Tornelo"]
[Date "2021.04.17"]
[Round "7.4"]
[White "Apol, Luitjen Akselsson"]
[Black "Efimov, Igor"]
[Result "1/2-1/2"]
[ECO "B30"]
[WhiteElo "2092"]
[BlackElo "2416"]
[Annotator "ChessBase"]
[PlyCount "57"]
[EventDate "2021.04.17"]
[EventType "tourn"]
[EventCountry "NET"]
[SourceTitle "playchess.com"]
[Source "ChessBase"]
[SourceQuality "1"]
[TimeControl "7200+30"]

1. e4 c5 2. Nf3 Nc6 3. Bb5 e6 4. O-O Nge7 5. Re1 a6 6. Bxc6 Nxc6 7. d4 cxd4 8. Nxd4 Qc7 9. Nxc6 Qxc6 10. Nc3 b5 11. a4 Bb7 12. axb5 axb5 13. Rxa8+ Bxa8 14. Qd3 b4 15. Nd5 f5 16. Qg3 Kf7 17. Nf4 Qxc2 18. Nd3 Bxe4 19. Ne5+ Ke8 20. Bg5 Bb7 21. Qh4 Bc5 22. h3 d6 23. Ng6 hxg6 24. Qxh8+ Kf7 25. Bh4 Qxb2 26. Qb8 Bd5 27. Bg3 Qc3 28. Qc7+ Kg8 29. Qd8+ 1/2-1/2

[Event "ESNH-ch 2021"]
[Site "Tornelo"]
[Date "2021.04.17"]
[Round "8.1"]
[White "Constantinou, Pavlos"]
[Black "Darmanin, Jake"]
[Result "1/2-1/2"]
[ECO "C55"]
[WhiteElo "2120"]
[BlackElo "2106"]
[Annotator "NA"]
[PlyCount "160"]
[EventDate "2021.04.17"]
[EventType "tourn"]
[EventCountry "NET"]
[SourceTitle "playchess.com"]
[Source "ChessBase"]
[SourceQuality "1"]
[TimeControl "7200+30"]

1. e4 e5 2. Nf3 Nc6 3. Bc4 Nf6 4. d3 h6 5. c3 d6 6. O-O g5 7. Re1 g4 8. Nh4 Nxe4 9. Ng6 fxg6 10. dxe4 Qe7 11. Nd2 Be6 12. Qb3 Nd8 13. Qa4+ c6 14. Bd3 Bg7 15. b4 O-O 16. Nf1 b5 17. Qc2 a5 18. Be3 Qf7 19. a3 Bc4 20. Bxc4 Qxc4 21. Nd2 Qf7 22. c4 Ne6 23. cxb5 Nd4 24. Qd3 cxb5 25. Rf1 Rac8 26. bxa5 Rc3 27. Qb1 Ne2+ 28. Kh1 d5 29. Qxb5 Nf4 30. Bxf4 exf4 31. exd5 Rc2 32. Rad1 f3 33. g3 Qf5 34. Nc4 Qh5 35. Ne3 Re2 36. Qc4 Rd8 37. Qxg4 Qxg4 38. Nxg4 Re4 39. h3 Ra4 40. Rd3 Rxa5 41. Rfd1 h5 42. Nh2 Bf8 43. d6 Ra6 44. Nxf3 Rdxd6 45. Rxd6 Bxd6 46. a4 Bc5 47. Ra1 Bxf2 48. Kg2 Bb6 49. Ra2 Bc7 50. Kf2 Kf7 51. g4 hxg4 52. hxg4 Ke6 53. Ke3 Bb6+ 54. Ke4 Ra5 55. Nd4+ Kd6 56. Nb5+ Ke6 57. Kf4 Kf6 58. Ra1 Bc5 59. Ra2 Bb6 60. Nc3 Bc7+ 61. Kf3 Be5 62. Ne4+ Ke6 63. Nd2 Kd5 64. Ke3 Bd6 65. Kd3 Bb4 66. Nc4 Ra6 67. Re2 Rf6 68. Re5+ Kc6 69. a5 Rf3+ 70. Ne3 Bc5 71. a6 Kd6 72. Re8 Kd7 73. Re4 Kd6 74. Ke2 Rf7 75. Ra4 Re7 76. a7 Bxa7 77. Ra6+ Ke5 78. Rxg6 Kf4 79. Rf6+ Kg3 80. Rf3+ Kh4 1/2-1/2

[Event "ESNH-ch 2021"]
[Site "Tornelo"]
[Date "2021.04.17"]
[Round "8.3"]
[White "Righi, Ezio"]
[Black "Apol, Luitjen Akselsson"]
[Result "0-1"]
[ECO "B92"]
[WhiteElo "1915"]
[BlackElo "2092"]
[Annotator "NA"]
[PlyCount "40"]
[EventDate "2021.04.17"]
[EventType "tourn"]
[EventCountry "NET"]
[SourceTitle "playchess.com"]
[Source "ChessBase"]
[SourceQuality "1"]
[TimeControl "7200+30"]

1. e4 c5 2. Nf3 d6 3. d4 cxd4 4. Nxd4 Nf6 5. Nc3 a6 6. Be2 e5 7. Nb3 Be7 8. O-O O-O 9. Kh1 b6 10. Be3 Bb7 11. f3 Nbd7 12. Rf2 b5 13. a4 b4 14. Nd5 Nxd5 15. exd5 Nf6 16. Bc4 Rc8 17. Qd3 e4 18. fxe4 Ng4 19. Nd2 Bg5 20. Re2 Bxe3 0-1

[Event "ESNH-ch 2021"]
[Site "Tornelo"]
[Date "2021.04.17"]
[Round "8.4"]
[White "Carpenter, Paul A"]
[Black "Berend, Fred"]
[Result "0-1"]
[ECO "A22"]
[WhiteElo "1982"]
[BlackElo "2323"]
[Annotator "NA"]
[PlyCount "64"]
[EventDate "2021.04.17"]
[EventType "tourn"]
[EventCountry "NET"]
[SourceTitle "playchess.com"]
[Source "ChessBase"]
[SourceQuality "1"]
[TimeControl "7200+30"]

1. c4 Nf6 2. Nc3 e5 3. g3 Bb4 4. Bg2 O-O 5. e3 Re8 6. Nge2 c6 7. O-O Na6 8. a3 Bf8 9. b4 d5 10. cxd5 cxd5 11. f4 Nc7 12. Bb2 d4 13. Ne4 Nxe4 14. Bxe4 exf4 15. Rxf4 Ne6 16. Bxh7+ Kxh7 17. Rh4+ Kg8 18. Nxd4 Be7 19. Rh7 Kxh7 20. Qh5+ Kg8 21. Rf1 Bf6 22. Nf5 Nf4 23. Nh6+ gxh6 24. Rxf4 Bf5 25. Qxf5 Bxb2 26. d4 Qe7 27. Rg4+ Kh8 28. Qh5 Qxe3+ 29. Kg2 Qe2+ 30. Kh3 Qf1+ 31. Kh4 Qf6+ 32. Kh3 Re3 0-1

[Event "ESNH-ch 2021"]
[Site "Tornelo"]
[Date "2021.04.17"]
[Round "8.5"]
[White "Ziska, Helgi Dam"]
[Black "Wiedenkeller, Michael"]
[Result "1/2-1/2"]
[ECO "C09"]
[WhiteElo "2539"]
[BlackElo "2445"]
[Annotator "ChessBase"]
[PlyCount "91"]
[EventDate "2021.04.17"]
[EventType "tourn"]
[EventCountry "NET"]
[SourceTitle "playchess.com"]
[Source "ChessBase"]
[SourceQuality "1"]
[TimeControl "7200+30"]

1. e4 e6 2. d4 d5 3. Nd2 c5 4. Ngf3 Nc6 5. exd5 exd5 6. Bb5 Qe7+ 7. Be2 Qc7 8. dxc5 Bxc5 9. Nb3 Be7 10. O-O Nf6 11. c3 O-O 12. Bg5 Be6 13. Re1 Rae8 14. Nfd4 h6 15. Bh4 Ne4 16. Bxe7 Rxe7 17. Bd3 Qb6 18. Bc2 Nf6 19. Qd2 Rfe8 20. f3 Bd7 21. Rxe7 Rxe7 22. Qf2 Ne5 23. Rd1 Nc4 24. Bd3 Re8 25. Bf1 Re7 26. Rb1 Re8 27. Nd2 Nd6 28. N4b3 Qxf2+ 29. Kxf2 Bb5 30. Nd4 Bxf1 31. Nxf1 Nc4 32. b3 Ne5 33. Rd1 Nc6 34. Ne2 Ne7 35. Ne3 Rc8 36. g4 g5 37. c4 dxc4 38. bxc4 Ng6 39. Rd6 Rc6 40. Rd8+ Kh7 41. Rb8 Rc7 42. Nc3 Nf4 43. Ke1 Rd7 44. Nf5 h5 45. gxh5 N4xh5 46. Ne4 1/2-1/2

[Event "ESNH-ch 2021"]
[Site "Tornelo"]
[Date "2021.04.17"]
[Round "9.1"]
[White "Wiedenkeller, Michael"]
[Black "Constantinou, Pavlos"]
[Result "1-0"]
[ECO "E46"]
[WhiteElo "2445"]
[BlackElo "2120"]
[Annotator "ChessBase"]
[PlyCount "123"]
[EventDate "2021.04.17"]
[EventType "tourn"]
[EventCountry "NET"]
[SourceTitle "playchess.com"]
[Source "ChessBase"]
[SourceQuality "1"]
[TimeControl "7200+30"]

1. d4 Nf6 2. c4 e6 3. Nc3 Bb4 4. e3 O-O 5. Nge2 Re8 6. a3 Bf8 7. Ng3 d6 8. Bd3 e5 9. O-O c6 10. h3 g6 11. b4 a5 12. Bb2 Bg7 13. b5 d5 14. dxe5 Rxe5 15. Nxd5 Nxd5 16. Bxe5 Bxe5 17. cxd5 Bxa1 18. Qxa1 cxd5 19. Qd4 Qe7 20. Qxd5 Be6 21. Qe4 Nd7 22. Qxb7 Rb8 23. Qa7 Qxa3 24. Be4 Rxb5 25. Qd4 Qb4 26. Qa1 Qb2 27. Bc6 Qxa1 28. Rxa1 Re5 29. Ne2 Rc5 30. Nd4 Ne5 31. Bb5 Bd7 32. Bxd7 Nxd7 33. Nb3 Rc7 34. Rxa5 h5 35. g3 Kg7 36. Kg2 Nf6 37. Nd4 Rb7 38. Re5 Rd7 39. Kf3 Nd5 40. Re8 Nf6 41. Ra8 Re7 42. Rd8 Re8 43. Rd6 Re7 44. Nc6 Rc7 45. Ne5 Ra7 46. Kf4 Ra4+ 47. Rd4 Ra5 48. e4 Ra3 49. Rb4 Ra7 50. Rd4 Re7 51. f3 Re6 52. Nc4 Re7 53. Ne3 Nh7 54. Nd5 Rd7 55. Rc4 Nf8 56. Ke3 Ne6 57. f4 f5 58. Rc6 fxe4 59. Kxe4 Nd8 60. Ra6 Nf7 61. Nf6 Nd6+ 62. Rxd6 1-0

[Event "ESNH-ch 2021"]
[Site "Tornelo"]
[Date "2021.04.17"]
[Round "9.2"]
[White "Berend, Fred"]
[Black "Ziska, Helgi Dam"]
[Result "0-1"]
[ECO "E61"]
[WhiteElo "2323"]
[BlackElo "2539"]
[Annotator "ChessBase"]
[PlyCount "144"]
[EventDate "2021.04.17"]
[EventType "tourn"]
[EventCountry "NET"]
[SourceTitle "playchess.com"]
[Source "ChessBase"]
[SourceQuality "1"]
[TimeControl "7200+30"]

1. d4 Nf6 2. c4 g6 3. Nc3 Bg7 4. Nf3 d6 5. Bg5 h6 6. Bh4 g5 7. Bg3 Nh5 8. e3 e6 9. Bd3 Qe7 10. Nd2 Nxg3 11. hxg3 Nd7 12. Qc2 Nf6 13. O-O-O Bd7 14. Kb1 a6 15. Nb3 c5 16. Be2 Bc6 17. Bf3 Bxf3 18. gxf3 O-O 19. f4 b5 20. dxc5 bxc4 21. Na5 d5 22. fxg5 hxg5 23. Rxd5 Rfc8 24. Rxg5 Rxc5 25. f4 Rac8 26. Nxc4 Rxg5 27. fxg5 Nd5 28. Ne4 Qb7 29. Rh2 Nxe3 30. Nf6+ Kf8 31. Qb3 Qxb3 32. axb3 Nxc4 33. bxc4 Rxc4 34. Rd2 Bxf6 35. gxf6 Kg8 36. Rd6 a5 37. Ra6 Rc5 38. Ka2 Kh7 39. Ka3 Rb5 40. b3 Kg6 41. Ka4 Rb4+ 42. Ka3 Rb5 43. Ka4 Rb4+ 44. Ka3 Kxf6 45. Rxa5 Rg4 46. b4 Rxg3+ 47. Ka4 Rg1 48. Rh5 Ke7 49. Ka5 Kd6 50. Ka6 f5 51. b5 Ra1+ 52. Kb6 f4 53. Rh8 f3 54. Rf8 Ra3 55. Kb7 Ke7 56. Rf4 e5 57. Rf5 Ke6 58. Rf8 e4 59. b6 Ke5 60. Kc7 Rc3+ 61. Kd7 Rb3 62. Kc7 Kd4 63. b7 Kd3 64. Rf6 Ke2 65. Rb6 Rxb6 66. Kxb6 f2 67. b8=Q f1=Q 68. Qe5 Qb1+ 69. Ka7 Qb4 70. Qh5+ Kd2 71. Qd5+ Kc3 72. Ka8 Qa3+ 0-1

[Event "ESNH-ch 2021"]
[Site "Tornelo"]
[Date "2021.04.17"]
[Round "9.3"]
[White "Apol, Luitjen Akselsson"]
[Black "Carpenter, Paul A"]
[Result "1-0"]
[ECO "C03"]
[WhiteElo "2092"]
[BlackElo "1982"]
[Annotator "NA"]
[PlyCount "69"]
[EventDate "2021.04.17"]
[EventType "tourn"]
[EventCountry "NET"]
[SourceTitle "playchess.com"]
[Source "ChessBase"]
[SourceQuality "1"]
[TimeControl "7200+30"]

1. d4 b6 2. e4 Bb7 3. Bd3 e6 4. Nf3 Nf6 5. Nbd2 d5 6. e5 Ne4 7. Qe2 Nxd2 8. Bxd2 c5 9. c3 Nc6 10. O-O Be7 11. a3 g5 12. Be3 h5 13. Nd2 c4 14. Bc2 Kd7 15. b3 b5 16. bxc4 bxc4 17. f4 g4 18. f5 Qg8 19. Ba4 Rf8 20. Nxc4 dxc4 21. Qxc4 Rc8 22. Rab1 Ba8 23. f6 Bxa3 24. d5 exd5 25. Qxd5+ Kc7 26. Bf4 Rd8 27. e6+ Bd6 28. e7 Bxf4 29. exd8=Q+ Qxd8 30. Qxf7+ Qd7 31. Qxd7+ Kxd7 32. Rxf4 Ke6 33. Re1+ Ne5 34. Bb3+ Kd6 35. Rd4+ 1-0

[Event "ESNH-ch 2021"]
[Site "Tornelo"]
[Date "2021.04.17"]
[Round "9.4"]
[White "Luke Brezmes, Cristofer"]
[Black "Righi, Ezio"]
[Result "1-0"]
[ECO "B40"]
[WhiteElo "2043"]
[BlackElo "1915"]
[Annotator "NA"]
[PlyCount "75"]
[EventDate "2021.04.17"]
[EventType "tourn"]
[EventCountry "NET"]
[SourceTitle "playchess.com"]
[Source "ChessBase"]
[SourceQuality "1"]
[TimeControl "7200+30"]

1. e4 c5 2. Nf3 e6 3. b3 Nf6 4. e5 Nd5 5. c4 Nb4 6. a3 N4c6 7. Bb2 d6 8. exd6 Qxd6 9. Nc3 Nd4 10. Ne4 Qf4 11. Bxd4 Qxe4+ 12. Be3 Be7 13. d3 Qg6 14. b4 Nd7 15. bxc5 Bxc5 16. d4 Bb6 17. Bd3 Ba5+ 18. Kf1 Qh5 19. h3 f5 20. Qa4 Bc7 21. Ne5 Bxe5 22. dxe5 O-O 23. f4 b6 24. Be2 Qh4 25. Bf3 Rb8 26. Qxa7 Nxe5 27. Qxb8 Nxf3 28. Qxb6 Qg3 29. Rd1 Nh4 30. Ke2 Qxg2+ 31. Kd3 Qe4+ 32. Kc3 Ng2 33. Bc5 Nxf4 34. Bxf8 Ne2+ 35. Kb4 Qf3 36. Rd8 Qc3+ 37. Kb5 Qb3+ 38. Bb4+ 1-0

[Event "ESNH-ch 2021"]
[Site "Tornelo"]
[Date "2021.04.17"]
[Round "9.5"]
[White "Darmanin, Jake"]
[Black "Efimov, Igor"]
[Result "0-1"]
[ECO "B08"]
[WhiteElo "2106"]
[BlackElo "2416"]
[Annotator "NA"]
[PlyCount "84"]
[EventDate "2021.04.17"]
[EventType "tourn"]
[EventCountry "NET"]
[SourceTitle "playchess.com"]
[Source "ChessBase"]
[SourceQuality "1"]
[TimeControl "7200+30"]

1. e4 d6 2. d4 Nf6 3. Nc3 g6 4. Nf3 Bg7 5. h3 O-O 6. Be3 a6 7. Qd2 b5 8. a3 Bb7 9. Bd3 Nbd7 10. Bh6 c5 11. Bxg7 $11 Kxg7 12. Qe3 cxd4 13. Nxd4 Qb6 14. Kd2 Rac8 15. f4 e5 16. fxe5 dxe5 17. Nf3 b4 18. axb4 Qxb4 19. Ra4 Qd6 20. Ke2 Nc5 21. Ra5 Nh5 22. Rd1 Nxd3 23. cxd3 Qb4 24. Ra2 Qb3 25. Rd2 f5 26. Nxe5 fxe4 27. dxe4 Rxc3 28. bxc3 Nf4+ 29. Kf2 Nd5+ 30. Qf3 Qxc3 31. Kg1 Rxf3 32. Nxf3 Qe3+ 33. Kh2 Qxe4 34. Rab2 Bc6 35. Rd4 Qe6 36. Rh4 Nf6 37. Rd2 Bxf3 38. gxf3 Qe3 39. Rc2 Nh5 40. Kg2 Nf4+ 41. Kg3 Qe1+ 42. Kg4 h5+ 0-1